 Dungeon Crawl Stone Soup version 0.32-a0-886-g41c5271027 (webtiles) character file.

Game seed: 15373770418831456123

102 pokeman the Magician (level 4, -2/25 HPs)
             Began as a Deep Elf Hedge Wizard on Apr 2, 2024.
             Slain by a gnoll
             ... wielding a +0 flail
              (6 damage)
             ... on level 3 of the Dungeon.
             The game lasted 00:02:58 (2075 turns).

pokeman the Magician (Deep Elf Hedge Wizard)        Turns: 2075, Time: 00:02:59

Health: -2/25      AC:  3    Str:  7    XL:     4   Next: 50%
Magic:  4/13       EV: 12    Int: 21    God:
Gold:   64         SH:  0    Dex: 14    Spells: 6/14 levels left

rFire   . . .        a - +0 dagger
rCold   . . .        (no shield)
rNeg    . . .        b - +0 robe
rPois   .            c - +0 hat
rElec   .            (no cloak)
rCorr   .            (no gloves)
SInv    +            o - +0 pair of boots
Will    .....        (no amulet)
Stlth   ++           k - ring of see invisible
HPRegen 0.24/turn    (no ring)
MPRegen 0.13/turn

%: no passive effects
@: very slightly contaminated
A: no striking features
a: no special abilities


You were on level 3 of the Dungeon.
You visited 1 branch of the dungeon, and saw 3 of its levels.

You collected 64 gold pieces.

Inventory:

Hand Weapons
 a - a +0 dagger (weapon)
Missiles
 i - a throwing net
Armour
 b - a +0 robe (worn)
 c - a +0 hat (worn)
 o - a +0 pair of boots (worn)
Jewellery
 k - a ring of see invisible (left hand)
Scrolls
 f - a scroll of torment {unknown}
 j - 2 scrolls of teleportation {unknown}
 m - a scroll of vulnerability {unknown}
 n - a scroll of enchant weapon {unknown}
Potions
 d - a potion of magic
 e - 2 potions of curing {unknown}
 g - a potion of might {unknown}
 h - a potion of invisibility {unknown}
 l - a potion of cancellation {unknown}


   Skills:
 - Level 1.0 Fighting
 - Level 1.0 Armour
 + Level 2.9 Dodging
 + Level 2.8 Stealth
 * Level 5.7 Spellcasting
 + Level 2.2 Conjurations
 - Level 1.1 Summonings
 - Level 1.1 Translocations


You had 6 spell levels left.
You knew the following spells:

 Your Spells              Type           Power      Damage    Failure   Level
a - Magic Dart            Conj           60%        1d6       4%          1
b - Mephitic Cloud        Conj/Alch/Air  9%         N/A       22%         3
c - Call Imp              Summ           20%        N/A       10%         2
d - Blink                 Tloc           20%        N/A       10%         2

Your spell library contained the following spells:

 Spells                   Type           Power      Damage    Failure   Level
 Slow                     Hex            24%        N/A       10%         1
 Cigotuvi's Dreadful Rot  Necr/Alch/Air  12%        N/A       16%         2
 Vhi's Electric Charge    Tloc/Air       16%        N/A       63%         4
 Arcjolt                  Conj/Air       5%         1d15      87%         5
 Plasma Beam              Fire/Air       3%         2x1d13    100%        6


Dungeon Overview and Level Annotations

Branches:
Dungeon (3/15)

Altars:

Shops:
D:2 [

Annotations:
D:3 Terence


Message History

The gnoll misses you.
Your cerulean imp hits the gnoll but does no damage.
You hit the gnoll but do no damage.
The gnoll is heavily wounded.
The gnoll hits the gnoll with a +0 spear.
Your cerulean imp hits the gnoll but does no damage.
You hit the gnoll.
The gnoll is heavily wounded.
The gnoll hits the gnoll with a +0 spear.
Your cerulean imp hits the gnoll from afar with a -3 spear.
The gnoll hits the gnoll with a +0 flail!
The gnoll is killed!
The gnoll closely misses your cerulean imp.
You hit the gnoll.
You kill the gnoll!
Your cerulean imp hits the gnoll but does no damage.
Your cerulean imp barely misses the gnoll.
You hit the gnoll.
The gnoll is severely wounded.
The gnoll closely misses your cerulean imp.
Your cerulean imp barely misses the gnoll.
You hit the gnoll but do no damage.
The gnoll is severely wounded.
The gnoll seems less confused.
The gnoll closely misses you.
Your cerulean imp hits the gnoll but does no damage.
You barely miss the gnoll.
The gnoll is severely wounded.
The gnoll hits you with a +0 flail!
* * * LOW HITPOINT WARNING * * *
Your cerulean imp hits the gnoll but does no damage.
Unknown command.
Casting: Call Imp (safe; 10% risk of failure)
Confirm with . or Enter, or press ? or * to list all spells.
Aiming: Magic Dart (safe; 4% risk of failure)
Press: ? - help, Shift-Dir - straight line, f - gnoll
Aim: a gnoll, wielding a +0 flail (severely wounded, ally target, 100% to hit)
You miscast Magic Dart.
You are very lightly contaminated with residual magic.
Nothing appears to happen.
The gnoll hits you with a +0 flail.
You die...

## #.#.. #....
..#.# #.#)# # #.#.#
... #r#.#####...#
#.#####)>.@........
#..)†<[..g5.)......
#########.###......
#.# #...# #.. ...
#### ##


You could see a gnoll (ally target), a rat and a friendly cerulean imp
(summoned).

Vanquished Creatures
  3 adders (D:2)
  3 gnolls (D:3)
  A dart slug (D:2)
  5 ball pythons
  2 endoplasms (D:1)
  A giant cockroach (D:1)
  A goblin (D:3)
  A hobgoblin (D:2)
  8 jackals
  5 bats
  4 frilled lizards
  2 kobolds (D:2)
  10 rats
46 creatures vanquished.

Notes
Turn   | Place    | Note
-------+----------+-------------------------------------------
     0 | D:1      | pokeman the Deep Elf Hedge Wizard began the quest for the
                  | Orb.
     0 | D:1      | Reached XP level 1. HP: 10/10 MP: 7/7
   314 | D:1      | Reached XP level 2. HP: 16/16 MP: 4/9
   917 | D:2      | Reached skill level 5 in Spellcasting
   917 | D:2      | Reached XP level 3. HP: 20/20 MP: 4/11
   921 | D:2      | Learned a level 3 spell: Mephitic Cloud
   924 | D:2      | Learned a level 2 spell: Call Imp
   927 | D:2      | Learned a level 2 spell: Blink
   972 | D:2      | Found a faded altar of an unknown god.
  1280 | D:2      | Reached skill level 1 in Fighting
  1361 | D:2      | Reached skill level 1 in Armour
  1431 | D:2      | Found Nusifaud's Armour Shop.
  1586 | D:2      | Reached XP level 4. HP: 25/25 MP: 8/13
  1978 | D:3      | Noticed Terence
  2075 | D:3      | Slain by a gnoll

Illustrated notes

Levels and vault maps discovered:
D:1:      onia_arrival_handbag, layout_rooms
D:2:      layout_rooms, serial_shops, shop,
          dreamdust_ecumenical_altar_angels_and_demons
D:3:      layout_loops_ring, uniq_terence

Skill      XL: |  1  2  3 |
---------------+----------+-----
Spellcasting   | 5 |  5.7
Fighting       | 1 |  1.0
Armour         | 1 |  1.0
Conjurations   | 2 |  2.2
Dodging        | |  2.9
Stealth        | |  2.8
Summonings     | |  1.1
Translocations | |  1.1

Action                     |  1- 3 |  4- 6 || total
---------------------------+-------+-------++-------
  Melee: Dagger            |    25 |    12 ||    37
   Cast: Magic Dart        |    83 |    11 ||    94
         Mephitic Cloud    |       |     3 ||     3
         Call Imp          |       |     1 ||     1
   Stab: Confused          |       |     1 ||     1
 Armour: Robe              |    26 |     9 ||    35
  Dodge: Dodged            |    32 |     2 ||    34

Table legend: (Time is in decaauts)
 A = Elapsed time spent in this place.
 B = Non-inter-level travel time spent in this place.
 C = Inter-level travel time spent in this place.
 D = Time resting spent in this place.
 E = Time spent auto-exploring this place.
 F = Levels seen in this place.
 G = Mean time per level.
                   A        B        C        D        E       F      G
               +--------+--------+--------+--------+--------+-----+--------+
         Total |   2074 |   1992 |     82 |     34 |   1683 |   3 |  691.3 |
       Dungeon |   2074 |   1992 |     82 |     34 |   1683 |   3 |  691.3 |
               +--------+--------+--------+--------+--------+-----+--------+

Top non-repeatable levels by time:
     D:2: 1128 daAuts
     D:1: 903 daAuts
     D:3: 42 daAuts
